 Dungeon Crawl Stone Soup version 0.22.1-2-g9c5b331383 (webtiles) character file.

100677 Peloso the Peltast (level 15, -2/137 HPs)
             Began as a Minotaur Fighter on Nov 18, 2018.
             Was the Champion of Okawaru.
             Slain by a merfolk
             ... wielding a +0 spear
              (11 damage)
             ... on level 1 of the Shoals.
             The game lasted 01:29:47 (29670 turns).

Peloso the Peltast (Minotaur Fighter)              Turns: 29670, Time: 01:29:47

Health: -2/137     AC: 25    Str: 28    XL:     15   Next: 81%
Magic:  16/16      EV: 10    Int:  5    God:    Okawaru [******]
Gold:   1696       SH: 18    Dex: 12    Spells: 14/14 levels left

rFire    + . .     SeeInvis .   A - +0 falchion (elec)
rCold    + . .     Gourm    .   M - +2 shield {rC+ rF+}
rNeg     . . .     Faith    +   h - +2 plate armour {rPois}
rPois    +         Spirit   .   G - +2 hat
rElec    .         Reflect  .   (no cloak)
rCorr    .         Harm     .   P - +0 pair of gloves
MR       ++...     Rnd*Tele +   (no boots)
Stlth    ..........             W - amulet of faith
HPRegen  0.32/turn              g - ring of protection from magic
MPRegen  0.15/turn              C - ring "Qomiez Sahu" {+Fly AC+3 Str+3 Stlth+}

@: lethally poisoned (-2 -> -2)
A: retaliatory headbutt, horns 2, teleportitis 1
a: Heroism, Finesse, Renounce Religion, Evoke Flight


You were on level 1 of the Shoals.
You worshipped Okawaru.
Okawaru was exalted by your worship.
You were hungry.

You visited 5 branches of the dungeon, and saw 24 of its levels.
You also visited: Labyrinth.

You collected 2441 gold pieces.
You spent 745 gold pieces at shops.

Inventory:

Hand Weapons
 a - a +3 falchion
 y - a +2 whip of flaming
 A - a +0 falchion of electrocution (weapon)
Armour
 h - a +2 plate armour of poison resistance (worn)
 G - a +2 hat (worn)
 M - a +2 shield of resistance (worn)
 P - a +0 pair of gloves (worn)
 U - a +0 pair of boots of flying
Jewellery
 c - an uncursed amulet of regeneration {unknown}
 g - a ring of protection from magic (left hand)
 o - a cursed -2 ring of evasion {unknown}
 C - the ring "Qomiez Sahu" (right hand) {+Fly AC+3 Str+3 Stlth+}
   (You found it on level 7 of the Dungeon)

   [ring of protection]

   It affects your AC (+3).
   It affects your strength (+3).
   It lets you fly.
   It makes you more stealthy.
 S - an uncursed ring of protection from fire
 W - an amulet of faith (around neck)
Wands
 e - a wand of flame (32)
 n - a wand of digging (9)
Scrolls
 i - a scroll of identify
 k - 9 scrolls of remove curse
 l - 2 scrolls of noise
 p - a scroll of summoning {unknown}
 q - 6 scrolls of teleportation {unknown}
 r - a scroll of magic mapping
 t - 2 scrolls of fear
 u - a scroll of vulnerability {unknown}
 J - a scroll of blinking
 N - a scroll of fog
 O - 3 scrolls of holy word
Potions
 d - 2 potions of might
 j - a potion of invisibility
 m - 8 potions of curing
 s - 3 potions of resistance
 z - 5 potions of agility
 D - 2 potions of haste
 Y - a potion of heal wounds
 Z - a potion of berserk rage
Comestibles
 f - 46 rations


   Skills:
 + Level 13.7 Fighting
 + Level 16.1 Long Blades
 + Level 4.1 Maces & Flails
 + Level 15.7 Armour
 + Level 4.1 Dodging
 + Level 1.2 Stealth
 + Level 18.8 Shields
 + Level 3.8 Invocations
 + Level 0.6 Evocations


You had 14 spell levels left.
You didn't know any spells.
Your spell library contained the following spells:

 Spells                   Type           Power        Failure   Level  Hunger
 Animate Skeleton         Necr           N/A          97%         1    ##.....
 Apportation              Tloc           #.....       97%         1    ##.....
 Confusing Touch          Hex            #.....       97%         1    ##.....
 Magic Dart               Conj           #...         97%         1    ##.....
 Summon Small Mammal      Summ           #...         97%         1    ##.....
 Blink                    Tloc           N/A          99%         2    ###....
 Call Imp                 Summ           #.......     99%         2    ###....
 Corpse Rot               Necr           N/A          99%         2    ###....
 Slow                     Hex            #.......     99%         2    ###....
 Sublimation of Blood     Necr           #.........   99%         2    ###....
 Conjure Flame            Conj/Fire      #.......     100%        3    ####...
 Mephitic Cloud           Conj/Pois/Air  #.......     100%        3    ####...
 Cause Fear               Hex            #.........   100%        4    #####..
 Agony                    Necr           #.......     100%        5    ######.
 Bolt of Draining         Conj/Necr      #.........   100%        5    ######.
 Bolt of Magma            Conj/Fire/Erth #.........   100%        5    ######.
 Dispel Undead            Necr           #.......     100%        5    ######.
 Excruciating Wounds      Chrm/Necr      #.........   100%        5    ######.
 Iskenderun's Battlesphe  Conj/Chrm      #.......     100%        5    ######.
 Silence                  Hex/Air        #.........   100%        5    ######.
 Venom Bolt               Conj/Pois      #.........   100%        5    ######.
 Yara's Violent Unravell  Hex/Tmut       #.........   100%        5    ######.
 Deflect Missiles         Chrm/Air       #.........   100%        6    #######
 Iron Shot                Conj/Erth      #.........   100%        6    #######
 Orb of Destruction       Conj           #.........   100%        7    #######
 Spellforged Servitor     Conj/Summ      #.........   100%        7    #######
 Discord                  Hex            #.........   100%        8    #######


Dungeon Overview and Level Annotations

Branches:
Dungeon (14/15)            Temple (1/1) D:7            Lair (6/6) D:10
 Shoals (1/4) Lair:4       Spider (0/4) Lair:2        Slime (0/5) Lair:5
    Orc (2/2) D:12            Elf (0/3) Orc:2        Vaults (0/5) D:14

Altars:
Ashenzari
Cheibriados
Dithmenos
Elyvilon
Fedhas
Gozag
Hepliaklqana
Kikubaaqudgha
Makhleb
Nemelex Xobeh
Okawaru
Qazlal
Ru
Sif Muna
Trog
Uskayaw
Vehumet
Wu Jian
Xom
Yredelemnul
Zin
The Shining One
Beogh

Shops:
D:10 *   D:12 %}   Orc:2 (%:*

Annotations:
Lair:1 exclusion: 2 oklob plants


Innate Abilities, Weirdness & Mutations

You reflexively headbutt those who attack you in melee.
You have a pair of horns on your head.
You are occasionally teleported next to monsters.


Message History

You feel sick.
The merfolk throws a tomahawk.
The tomahawk hits you.
* * * LOW HITPOINT WARNING * * *
You hear a splash.
You see here a tomahawk.
You feel sick.
You feel sick. The sea snake barely misses you.
You feel sick. You block the sea snake's attack.
Splash!
You fall into the shallow water.
Moving in this stuff is going to be slow.
You block the sea snake's attack. You block the sea snake's attack.
You feel sick. You block the sea snake's attack.
You block the harpy's attack. x2
You hit the harpy but do no damage. The harpy claws you but does no damage.
The harpy claws you.
* * * LOW HITPOINT WARNING * * *
The merfolk hits you from afar with a spear!
You die...

≈≈≈≈≈≈≈≈≈≈≈≈≈≈≈....≈≈≈≈
≈≈≈≈≈≈≈≈≈≈≈≈≈≈≈....≈≈≈.
≈≈≈≈≈≈≈≈≈≈≈≈≈≈≈..≈.....
≈≈≈≈≈≈≈≈≈≈≈≈≈≈≈≈.....#
≈≈≈≈≈≈≈≈≈≈≈≈≈≈≈≈≈....#
≈≈≈≈≈≈≈≈≈≈≈≈≈≈≈≈≈≈≈..##
≈≈≈≈≈≈≈≈≈≈≈≈≈≈≈≈≈≈≈≈..####
≈≈≈≈≈≈≈≈.....≈≈≈≈≈((.>...#
≈≈≈≈≈≈≈..@Smm.m≈≈≈≈≈≈≈....
≈≈≈≈≈≈.)H###..≈≈≈≈≈≈≈≈(.>.
≈≈≈≈≈≈≈.<# ##.≈≈≈≈≈≈≈≈..≈≈
≈≈≈≈≈≈≈..## #..≈≈≈≈≈≈≈...#
≈≈≈≈≈≈...)##....≈≈≈≈≈≈...#
≈≈≈≈≈≈....^.....≈≈≈≈≈≈...#
≈≈≈≈≈≈≈≈....$.≈≈≈≈≈≈≈≈..##
≈≈≈≈≈≈≈≈..≈≈≈≈≈≈≈≈≈≈≈≈..#
≈≈≈≈≈≈≈≈≈.≈≈≈≈≈≈≈≈≈≈≈≈...


You could see a merfolk impaler, a sea snake, 2 merfolk and a harpy.

Vanquished Creatures
  Rupert (Lair:5)
  A minotaur (Lab)
  A merfolk impaler (Shoals:1)
  A yaktaur captain (D:14)
  Fannar (Lair:2)
  9 hydras
  2 rakshasas
  2 merfolk avatars
  A death knight (D:14)
  4 two-headed ogres
  3 orc high priests (Orc:2)
  A tengu warrior (D:13)
  Sonja (D:12)
  Nergalle (Lair:2)
  9 skeletal warriors
  3 unseen horrors
  A sea snake (Shoals:1)
  Pikel (D:6)
  6 orc knights
  3 lindwurms
  3 cyclopes
  6 harpies (Shoals:1)
  6 orc sorcerers
  6 ugly things (D:14)
  4 manticores
  3 fauns (Shoals:1)
  2 merfolk sirens (Shoals:1)
  4 moths of wrath (Lair:6)
  11 elephants
  A centaur zombie (D:13)
  8 black mambas
  A water nymph (Shoals:1)
  Psyche (D:9)
  5 gargoyles
  5 torpor snails
  14 spiny frogs
  5 rime drakes
  A freezing wraith (D:14)
  10 komodo dragons
  2 kobold demonologists
  2 yaktaurs (D:14)
  2 jumping spiders (Lair:2)
  9 trolls
  2 merfolk (Shoals:1)
  9 tyrant leeches (Lair:6)
  7 polar bears
  2 wind drakes
  6 hornets
  16 blink frogs
  16 dream sheep
  2 snapping turtles
  A blink frog (shapeshifter) (D:12)
  11 hippogriffs
  A shadow (D:12)
  A water elemental (Shoals:1)
  2 wraiths
  2 wyverns (Lair:6)
  28 yaks
  A fire elemental (Lair:1)
  A steam dragon (D:12)
  Edmund (D:6)
  3 basilisks
  5 wargs
  2 hungry ghosts
  5 swamp worms (Lair:6)
  2 soldier ants
  An acid dragon (D:11)
  15 water moccasins
  3 porcupines
  29 orc warriors
  2 phantoms (D:11)
  2 slaves (D:6)
  2 ice beasts
  A sky beast (D:14)
  2 black bears (D:7)
  9 ogres
  12 wolves
  4 centaurs
  16 crocodiles
  2 big kobolds
  20 bullfrogs
  A scorpion (D:6)
  8 killer bees
  5 wights (D:14)
  2 electric eels
  A lava snake (D:13)
  5 howler monkeys
  4 crimson imps
  8 hounds
  8 jellies
  20 orc priests
  A bullfrog skeleton (D:11)
  5 iguanas
  3 centaur skeletons
  24 orc wizards
  6 worker ants
  16 adders
  5 gnolls
  5 shadow imps
  8 oozes
  3 worms
  2 dart slugs
  8 leopard geckos
  72 orcs
  3 ball pythons
  4 giant cockroaches
  9 goblins
  9 hobgoblins
  2 jackals (D:9)
  17 kobolds
  2 quokkas
  5 bats
  6 frilled lizards
  A goblin skeleton (D:4)
  3 hobgoblin zombies (D:4)
  A kobold skeleton (D:4)
  4 kobold zombies (D:4)
  An orc zombie (D:4)
  A quokka skeleton (D:7)
  A quokka zombie (D:5)
  7 rats
  A fungus (Lair:1)
  2 plants (Lair:6)
708 creatures vanquished.

Vanquished Creatures (others)
  A spiny frog (Lair:5)
  A bullfrog (Lair:5)
  An adder zombie (D:6)
  An orc (D:12)
  14 fungi
  45 plants
63 creatures vanquished.

Grand Total: 771 creatures vanquished

Notes
Turn   | Place    | Note
-------+----------+-------------------------------------------
     0 | D:1      | Peloso the Minotaur Fighter began the quest for the Orb.
     0 | D:1      | Reached XP level 1. HP: 19/19 MP: 0/0
    42 | D:1      | Found a shattered altar of Ashenzari.
   180 | D:1      | Reached XP level 2. HP: 24/27 MP: 1/1
   278 | D:1      | Reached skill level 4 in Shields
   714 | D:2      | Found a shattered altar of Ashenzari.
   814 | D:2      | Reached XP level 3. HP: 29/33 MP: 2/2
  1211 | D:3      | Reached XP level 4. HP: 29/40 MP: 3/3
  1605 | D:3      | Found a bloodstained altar of Trog.
  1672 | D:3      | Found an ancient bone altar of Kikubaaqudgha.
  1798 | D:3      | Reached XP level 5. HP: 36/46 MP: 4/4
  2066 | D:4      | Found a glowing golden altar of the Shining One.
  2082 | D:4      | Reached skill level 5 in Long Blades
  2116 | D:4      | Reached skill level 5 in Armour
  2123 | D:3      | Reached XP level 6. HP: 37/53 MP: 5/5
  2279 | D:4      | Reached skill level 5 in Shields
  2642 | D:5      | Entered Level 5 of the Dungeon
  2753 | D:5      | Reached XP level 7. HP: 55/60 MP: 6/6
  2917 | D:5      | Found a burning altar of Makhleb.
  3141 | D:5      | Found an opulent altar of Gozag.
  3141 | D:5      | Found a glowing silver altar of Zin.
  3153 | D:5      | Reached skill level 1 in Dodging
  3494 | D:6      | Reached skill level 5 in Fighting
  3568 | D:6      | Noticed Edmund
  3589 | D:6      | Killed Edmund
  3589 | D:6      | Reached skill level 6 in Shields
  3690 | D:6      | Reached XP level 8. HP: 67/68 MP: 7/7
  3702 | D:6      | Found a hide-covered altar of Uskayaw.
  3859 | D:6      | Noticed Pikel
  3886 | D:6      | Killed Pikel
  4270 | D:7      | Found a staircase to the Ecumenical Temple.
  4332 | Temple   | Entered the Ecumenical Temple
  4592 | Temple   | Reached skill level 7 in Shields
  4700 | D:7      | Reached XP level 9. HP: 76/78 MP: 8/8
  4735 | D:7      | Reached skill level 10 in Long Blades
  4797 | D:7      | Got a pitted jade ring
  4803 | D:7      | Identified the ring "Qomiez Sahu" {+Fly AC+3 Str+3 Stlth+}
                  | (You found it on level 7 of the Dungeon)
  5728 | D:8      | Found an ornate altar of the Wu Jian Council.
  5803 | D:8      | Reached skill level 8 in Shields
  5992 | D:8      | Found an iron altar of Okawaru.
  6014 | D:8      | Became a worshipper of Warmaster Okawaru
  6051 | D:8      | Found a glowing golden altar of the Shining One.
  6051 | D:8      | Found a blossoming altar of Fedhas.
  6282 | D:8      | Found a shadowy altar of Dithmenos.
  6431 | D:9      | Noticed a troll
  6457 | D:9      | Killed a troll
  6457 | D:9      | Reached skill level 9 in Shields
  6457 | D:9      | Reached XP level 10. HP: 34/88 MP: 9/9
  6987 | D:9      | Reached * piety under Okawaru
  7099 | D:9      | You fall through a shaft for 3 floors!
  7108 | D:12     | Found Wicau's Food Shoppe.
  7266 | D:12     | Found Omyfroc's Gadget Shop.
  7436 | D:12     | Noticed Sonja
  7458 | D:12     | Reached ** piety under Okawaru
  7529 | D:11     | Killed an unseen horror
  7529 | D:11     | Reached skill level 10 in Shields
  7806 | D:11     | Noticed a cyclops
  7819 | D:11     | Killed a cyclops
  8056 | D:10     | Entered Level 10 of the Dungeon
  8135 | D:9      | Noticed Psyche
  8146 | D:9      | Killed Psyche
  8255 | D:9      | Reached *** piety under Okawaru
  8283 | D:9      | Found a hazy altar of Hepliaklqana.
  8411 | D:10     | Found a staircase to the Lair.
  8545 | D:10     | Noticed a gargoyle
  8558 | D:10     | Killed a gargoyle
  8623 | D:10     | Found Dufiki's General Store.
  8631 | D:10     | Bought a potion of heal wounds for 55 gold pieces
  8631 | D:10     | Bought a scroll of amnesia for 38 gold pieces
  8631 | D:10     | Bought a scroll of fear for 38 gold pieces
  8631 | D:10     | Bought a cursed ring of teleportation for 49 gold pieces
  8743 | D:11     | Reached XP level 11. HP: 95/95 MP: 10/10
  8765 | D:11     | Noticed a two-headed ogre
  8819 | D:11     | Killed a two-headed ogre
  8907 | D:11     | Reached **** piety under Okawaru
  9941 | D:12     | Reached skill level 1 in Invocations
  9965 | D:12     | Killed Sonja
  9969 | D:12     | Found a staircase to the Orcish Mines.
 10133 | D:12     | Reached skill level 11 in Shields
 10299 | D:12     | Found a roughly hewn altar of Beogh.
 10344 | D:11     | Reached skill level 10 in Armour
 10971 | D:12     | Reached ***** piety under Okawaru
 11083 | D:12     | HP: 4/97 [something (7)]
 11084 | D:12     | Killed an unseen horror
 11592 | D:13     | Noticed a rakshasa
 11737 | Lair:1   | Entered Level 1 of the Lair of Beasts
 11768 | Lair:1   | Received a gift from Okawaru
 11777 | Lair:1   | Got a brightly glowing shield {god gift}
 11783 | Lair:1   | Identified the +3 shield of Kuosinus {rF+} (Okawaru gifted
                  | it to you on level 1 of the Lair of Beasts)
 12002 | Lair:1   | Noticed an oklob plant
 12003 | Lair:1   | Noticed an oklob plant
 12063 | Lair:1   | Got a shimmering short sword
 12064 | Lair:1   | Identified the +9 short sword of Skirmishing {freeze,
                  | +Blink rF+} (You found it on level 1 of the Lair of Beasts)
 12147 | Lair:1   | Reached skill level 12 in Shields
 12240 | Lair:1   | Reached XP level 12. HP: 88/106 MP: 11/11
 12480 | Lair:2   | Noticed a five-headed hydra
 12782 | Lair:2   | Noticed Fannar
 12810 | Lair:2   | Killed Fannar
 13071 | Lair:2   | Noticed a four-headed hydra
 13085 | Lair:2   | Killed a four-headed hydra
 13165 | Lair:2   | Reached skill level 10 in Fighting
 13354 | Lair:2   | Killed a five-headed hydra
 13354 | Lair:2   | Reached skill level 1 in Maces & Flails
 13443 | Lair:2   | Found a snail-covered altar of Cheibriados.
 13800 | Lair:2   | Found a hole to the Spider Nest.
 13808 | Lair:2   | Noticed Nergalle
 13819 | Lair:2   | Killed Nergalle
 14041 | Lair:3   | Reached skill level 13 in Shields
 14251 | Lair:3   | Noticed a six-headed hydra
 14263 | Lair:3   | Killed a six-headed hydra
 14263 | Lair:3   | Received a gift from Okawaru
 15065 | Lair:4   | Noticed a six-headed hydra
 15077 | Lair:4   | Killed a six-headed hydra
 15127 | Lair:4   | Noticed an eight-headed hydra
 15137 | Lair:4   | Killed an eight-headed hydra
 15137 | Lair:4   | Reached skill level 14 in Shields
 15137 | Lair:4   | Reached XP level 13. HP: 80/114 MP: 5/13
 15814 | Lair:4   | Received a gift from Okawaru
 15923 | Lair:4   | Found a staircase to the Shoals.
 16810 | Lair:5   | Reached skill level 1 in Stealth
 17248 | Lair:5   | Noticed Rupert
 17267 | Lair:5   | Killed Rupert
 17267 | Lair:5   | Received a gift from Okawaru
 17267 | Lair:5   | Reached skill level 15 in Shields
 17374 | Lair:5   | Found a staircase to the Slime Pits.
 18084 | Lair:6   | Entered Level 6 of the Lair of Beasts
 18084 | Lair:6   | Found a deep blue altar of Sif Muna.
 18462 | Lair:6   | Reached XP level 14. HP: 107/125 MP: 15/15
 18707 | Lair:6   | Reached skill level 15 in Long Blades
 18772 | Lair:5   | Reached skill level 16 in Shields
 18785 | Lair:5   | Reached ****** piety under Okawaru
 19786 | Lair:6   | Received a gift from Okawaru
 21006 | Lair:6   | Received a gift from Okawaru
 21159 | Lair:6   | Received a gift from Okawaru
 21174 | Lair:6   | Got a brightly glowing scimitar {god gift}
 21175 | Lair:6   | Identified the +1 scimitar "Qinaasiluth" {drain, rF- rC+
                  | Dex+2} (Okawaru gifted it to you on level 6 of the Lair of
                  | Beasts)
 21598 | Lair:1   | You are sucked into a shaft!
 22492 | Orc:1    | Entered Level 1 of the Orcish Mines
 23036 | Orc:1    | Reached skill level 17 in Shields
 23410 | Orc:2    | Entered Level 2 of the Orcish Mines
 23844 | Orc:2    | Paralysed by an orc sorcerer for 4 turns
 24048 | Orc:2    | Gained mutation: You are occasionally teleported next to
                  | monsters. [a neqoxec]
 24060 | Orc:2    | Received a gift from Okawaru
 24323 | Orc:2    | Found a staircase to the Elven Halls.
 24459 | Orc:2    | Reached XP level 15. HP: 48/134 MP: 14/16
 24977 | Orc:2    | Found Xisukhi's General Store.
 24977 | Orc:2    | Found Fofo's Antique Weapon Emporium.
 24979 | Orc:2    | Found Xyfih's Food Emporium.
 24979 | Orc:2    | Found Tezuxax's Book Shop.
 24996 | Orc:2    | Bought a wand of digging (10) for 364 gold pieces
 24999 | Orc:2    | Bought a +0 falchion of electrocution for 123 gold pieces
 25002 | Orc:2    | Bought a potion of agility for 52 gold pieces
 25002 | Orc:2    | Bought a scroll of identify for 26 gold pieces
 25794 | D:13     | Reached skill level 15 in Armour
 26147 | D:14     | Found a gate to the Vaults.
 26184 | D:14     | Found a labyrinth entrance.
 26197 | Lab      | Entered a labyrinth
 27306 | D:14     | Reached skill level 18 in Shields
 27469 | D:14     | Received a gift from Okawaru
 28529 | Shoals:1 | Entered Level 1 of the Shoals
 29670 | Shoals:1 | Slain by a merfolk

Skill      XL: |  1  2  3  4  5  6  7  8  9 10 11 12 13 14 15 |
---------------+----------------------------------------------+-----
Armour         | 4 5 6 8 9 10 12 13 14 15 | 15.7
Shields        | 4 5 6 7 9 10 12 14 15 17 18 | 18.8
Long Blades    | 3 4 5 6 7 9 11 12 13 14 15 16 | 16.1
Fighting       | 4 5 6 7 8 9 10 11 12 13 | 13.7
Dodging        | 1 2 3 4 |  4.1
Invocations    | 1 2 3 |  3.8
Maces & Flails | 3 4 |  4.1
Stealth        | 1 |  1.2
Evocations     | |  0.6

Action                   |  1- 3 |  4- 6 |  7- 9 | 10-12 | 13-15 || total
-------------------------+-------+-------+-------+-------+-------++-------
Melee: Long sword        |    89 |   158 |   385 |   739 |   155 ||  1526
       Headbutt          |    13 |    31 |    69 |   221 |   508 ||   842
       Whip              |       |       |       |    39 |    25 ||    64
       Falchion          |       |       |       |       |  1202 ||  1202
       Scimitar          |       |       |       |       |   429 ||   429
Invok: Heroism           |       |       |       |    10 |    13 ||    23
       Finesse           |       |       |       |     4 |     2 ||     6
Evoke: Wand              |       |       |       |     5 |     1 ||     6
       Lightning rod     |       |       |       |       |     1 ||     1
  Use: Potion            |       |       |     2 |     5 |     3 ||    10
       Scroll            |       |       |       |    20 |     7 ||    27
  Eat: Chunk             |       |     5 |    12 |    19 |    40 ||    76
       Ration            |       |       |     2 |     3 |     2 ||     7
Armor: Scale mail        |    32 |       |       |       |       ||    32
       Chain mail        |     4 |    73 |       |       |       ||    77
       Plate armour      |       |    18 |   186 |   373 |   699 ||  1276
Dodge: Dodged            |    30 |    36 |    70 |   213 |   414 ||   763
Block: Shield            |    34 |    84 |   197 |   553 |  1332 ||  2200
       Rpst.: Long sword |    10 |     9 |    18 |    45 |     7 ||    89
       Falchion          |       |       |       |       |    70 ||    70
       Scimitar          |       |       |       |       |    16 ||    16
